 Dungeon Crawl Stone Soup version 0.20-a0-1124-g2e29d97 (webtiles) character file.

402 inmateoo the Poker (level 6, -1/47 HPs)
             Began as a Demonspawn Gladiator on May 16, 2017.
             Slain by an orc
             ... wielding a +2 morningstar of draining
              (3 damage)
             ... on level 4 of the Dungeon.
             The game lasted 00:04:10 (2845 turns).

inmateoo the Poker (Demonspawn Gladiator)           Turns: 2845, Time: 00:04:12

Health: -1/47      AC:  9    Str: 17    XL:     6   Next: 55%
Magic:  6/6        EV:  9    Int:  9    God:
Gold:   131        SH:  0    Dex: 14    Spells: 5/5 levels left

rFire    . . .     SeeInvis .   n - +3 spear (vamp)
rCold    . . .     Gourm    .   (no shield)
rNeg     . . .     Faith    .   g - +1 chain mail
rPois    .         Spirit   .   (helmet restricted)
rElec    .         Reflect  .   (no cloak)
rCorr    +         Harm     .   (no gloves)
MR       .....                  (no boots)
Stlth    ..........             (no amulet)
Regen    0.2/turn               c - ring of stealth
MPRegen  0.1/turn               i - ring of resist corrosion

@: heavily drained
A: horns 2, repulsion field 1
a: no special abilities


You were on level 4 of the Dungeon.
You were hungry.

You visited 1 branch of the dungeon, and saw 4 of its levels.

You collected 131 gold pieces.

Inventory:

Hand Weapons
 n - a +3 vampiric spear (weapon)
Missiles
 d - 2 throwing nets (quivered)
Armour
 g - a +1 chain mail (worn)
Jewellery
 c - a ring of stealth (left hand)
 i - a ring of resist corrosion (right hand)
Wands
 q - a wand of polymorph (10/24)
Scrolls
 l - a scroll of identify
 m - a scroll of teleportation
Potions
 e - a potion of haste
 h - a potion of lignification
 j - a potion of agility
Comestibles
 b - 2 meat rations
 f - 3 bread rations
 k - 7 fruits


   Skills:
 + Level 3.6(2.3) Fighting
 * Level 5.4(4.0) Polearms
 - Level 1.7(0.5) Throwing
 + Level 3.9(2.6) Dodging


You had 5 spell levels left.
You didn't know any spells.

Dungeon Overview and Level Annotations

Branches:
Dungeon (4/15)
 Temple: D:4-7

Altars:
Zin


Innate Abilities, Weirdness & Mutations

You have a pair of horns on your head.
You are surrounded by a mild repulsion field. (EV +2)


Message History

You hit the orc.
You feel better.
You kill the orc!
Attack whom?
Press: ? - help, Dir - move target cursor, f - orc
Aim: an orc, wielding a morningstar of draining You barely miss the orc.
The orc hits you with a morningstar of draining.
* * * LOW HITPOINT WARNING * * *
You feel drained.
* * * LOW HITPOINT WARNING * * *
Attack whom?
Press: ? - help, Dir - move target cursor, f/p - orc
Aim: an orc, wielding a morningstar of draining You hit the orc.
The orc is heavily wounded.
The orc hits you but does no damage.
The orc hits you with a morningstar of draining!
* * * LOW HITPOINT WARNING * * *
You feel drained.
You die...

# +### .# .....
#####.###
......#####........
#...@o.#.......#
#..o##.......[.#
###...##........
.....[.#<.......
...#....o......#
...).....)......
###.####.........
#. #♣.♣....##
....#?.#


You could see 2 orcs.

Vanquished Creatures
  A vampire bat (D:3)
  A centaur skeleton (D:4)
  An orc wizard (D:4)
  Natasha (thrice) (D:3)
  A gnoll (D:1)
  6 adders
  An ooze (D:1)
  4 worms
  3 dart slugs (D:2)
  3 fire bats (D:3)
  2 leopard geckos
  2 orcs (D:4)
  2 spectral bats (D:3)
  3 bat skeletons (D:3)
  A bat zombie (D:3)
  5 goblins
  2 hobgoblins
  7 jackals (D:1)
  A quokka (D:2)
  2 ball pythons (D:3)
  19 bats
  A bat simulacrum (D:3)
  4 frilled lizards
  8 kobolds
  9 rats
92 creatures vanquished.

Notes
Turn   | Place    | Note
-------+----------+-------------------------------------------
     0 | D:1      | inmateoo the Demonspawn Gladiator began the quest for the Orb.
     0 | D:1      | Reached XP level 1. HP: 16/16 MP: 1/1
   320 | D:1      | Reached skill level 3 in Polearms
   359 | D:1      | Gained mutation: You have a pair of small horns on your head. [demonic ancestry]
   359 | D:1      | Reached XP level 2. HP: 18/22 MP: 2/2
   853 | D:1      | Reached XP level 3. HP: 28/28 MP: 3/3
  1508 | D:2      | Found a glowing silver altar of Zin.
  1543 | D:2      | Gained mutation: You have a pair of horns on your head. [demonic ancestry]
  1543 | D:2      | Reached XP level 4. HP: 34/34 MP: 4/4
  1582 | D:2      | Reached skill level 4 in Polearms
  2250 | D:3      | Noticed Natasha
  2257 | D:3      | Killed Natasha
  2257 | D:3      | Gained mutation: You are surrounded by a mild repulsion field. (EV +2) [demonic ancestry]
  2257 | D:3      | Reached XP level 5. HP: 34/40 MP: 5/5
  2328 | D:3      | Noticed Natasha
  2346 | D:3      | Killed Natasha
  2435 | D:3      | Noticed Natasha
  2467 | D:3      | Killed Natasha
  2669 | D:3      | Reached skill level 5 in Polearms
  2669 | D:3      | Reached XP level 6. HP: 47/47 MP: 6/6
  2845 | D:4      | HP: 2/47 [orc/morningstar of draining (10)]
  2845 | D:4      | Slain by an orc

Vault maps used:
D:1:      lemuel_arrival_muddy
D:2:      old_standard_altar, first_bread, minmay_misc_feat_room
D:3:      goddamned_bats, uniq_natasha
D:4:      kb_forest_paths, amethyst_overflow_temple_binary, serial_forest,
          infiniplex_forest_clump_curved, infiniplex_forest_clump_long,
          infiniplex_forest_clump_cross, infiniplex_forest_lined_3,
          infiniplex_forest_lined_3_way, uniq_robin

Skill      XL: |  1  2  3  4  5 |
---------------+----------------+-----
Polearms       | 3 4 5 |  5.4
Dodging        | 3 |  3.9
Fighting       | 3 |  3.6
Throwing       | |  1.7

Action                   |  1- 3 |  4- 6 || total
-------------------------+-------+-------++-------
Melee: Trident           |    96 |       ||    96
       Headbutt          |    12 |    29 ||    41
       Spear             |    42 |   185 ||   227
       Unarmed           |       |    12 ||    12
Throw: Throwing net      |     2 |       ||     2
  Use: Scroll            |     5 |     6 ||    11
  Eat: Bread ration      |     1 |       ||     1
       Royal jelly       |     1 |       ||     1
       Chunk             |       |     4 ||     4
Armor: Leather armour    |     9 |       ||     9
       Chain mail        |    60 |    79 ||   139
Dodge: Dodged            |    48 |   101 ||   149
